 Dungeon Crawl Stone Soup version 0.22-a0-271-gc000056 (webtiles) character file.

1933 tidbits the Insei (level 9, -8/66 HPs)
             Began as a Gnoll Transmuter on Mar 12, 2018.
             Was a Follower of Cheibriados.
             Shot with an arrow by a centaur (9 damage)
             ... on level 9 of the Dungeon.
             The game lasted 00:13:58 (1274 turns).

tidbits the Insei (Gnoll Transmuter)                Turns: 1274, Time: 00:13:59

Health: -8/66      AC:  2    Str: 17    XL:     9   Next: 17%
Magic:  9/18       EV: 26    Int: 21    God:    Cheibriados [*.....]
Gold:   220        SH:  0    Dex: 23    Spells: 14/20 levels left

rFire    + . .     SeeInvis .     - Unarmed
rCold    + . .     Gourm    .   (shield currently unavailable)
rNeg     . . .     Faith    .   (armour currently unavailable)
rPois    .         Spirit   .   (helmet currently unavailable)
rElec    +         Reflect  .   (cloak currently unavailable)
rCorr    +         Harm     .   (gloves currently unavailable)
MR       .....                  (boots currently unavailable)
Stlth    +++.......             (no amulet)
HPRegen  0.21/turn              (no ring)
MPRegen  0.16/turn              (no ring)

@: lethally poisoned (-8 -> -8), spider-form, resistant, very slightly
contaminated, very slow
A: tiny, distributed training, strong nose
a: End Transformation, Bend Time, Renounce Religion


You were on level 9 of the Dungeon.
You worshipped Cheibriados.
Cheibriados was aware of your devotion.
You were not hungry.
You were a venomous arachnid creature.
You visited 2 branches of the dungeon, and saw 10 of its levels.

You collected 220 gold pieces.

Inventory:

Hand Weapons
 k - a +1 mace of protection
   (You took it off a hobgoblin on level 3 of the Dungeon)
 u - a +0 fustibalus
Missiles
 a - 12 arrows
 d - 3 poisoned tomahawks (quivered)
 h - 30 sling bullets
 l - 18 stones
Armour
 j - a +0 ring mail
 B - a +0 robe (melded)
 F - a +0 pair of boots of flying (melded)
   (You found it on level 4 of the Dungeon)
Scrolls
 b - 2 scrolls of teleportation
 g - 2 scrolls of amnesia
 i - a scroll of identify
 r - 4 scrolls of remove curse
 s - a scroll of magic mapping {unknown}
 t - a scroll of immolation
Potions
 n - a potion of degeneration
 o - 4 potions of haste
Comestibles
 c - 8 rations


   Skills:
 + Level 4.7 Fighting
 + Level 3.9 Short Blades
 + Level 3.9 Long Blades
 + Level 3.9 Axes
 + Level 3.9 Maces & Flails
 + Level 3.9 Polearms
 + Level 3.9 Staves
 + Level 3.9 Slings
 + Level 3.9 Bows
 + Level 3.9 Crossbows
 + Level 3.9 Throwing
 + Level 3.9 Armour
 + Level 6.1 Dodging
 + Level 3.9 Stealth
 + Level 3.9 Shields
 + Level 7.7 Unarmed Combat
 + Level 6.4 Spellcasting
 + Level 3.2 Conjurations
 + Level 3.2 Hexes
 + Level 3.2 Charms
 + Level 3.2 Summonings
 + Level 3.2 Necromancy
 + Level 3.2 Translocations
 + Level 5.0 Transmutations
 + Level 3.2 Fire Magic
 + Level 3.2 Ice Magic
 + Level 3.2 Air Magic
 + Level 3.2 Earth Magic
 + Level 3.2 Poison Magic
 + Level 4.3 Invocations
 + Level 3.9 Evocations


You had 14 spell levels left.
You knew the following spells:

 Your Spells              Type           Power        Failure   Level  Hunger
e - Beastly Appendage     Tmut           ####..       5%          1    None
k - Sticks to Snakes      Tmut           ####....     8%          2    None
p - Spider Form           Tmut/Pois      ###.......   14%         3    #......


Dungeon Overview and Level Annotations

Branches:
Dungeon (9/15)             Temple (1/1) D:4
   Lair: D:8-11         Orc: D:9-12

Altars:
Cheibriados
Fedhas
Gozag
Trog
Wu Jian

Annotations:
D:5 torrenera's ghost, amateur HOFi
D:9 Erica


Innate Abilities, Weirdness & Mutations

Your experience applies equally to all skills.
((You have very sharp teeth.))
Your uncanny sense of smell can sniff out nearby items.


Message History

You kill the gnoll!
Cheibriados appreciates the change of pace.
You feel sick.
The gnoll hits you from afar with a spear!
* * * LOW HITPOINT WARNING * * *
The killer bee completely misses you.
You barely miss the killer bee. The killer bee completely misses you.
The gnoll closely misses you.
You feel sick. The killer bee completely misses you. The killer bee misses you.
You closely miss the killer bee. The killer bee completely misses you.
The killer bee misses you.
You hit the killer bee.
The killer bee is poisoned.
The killer bee is moderately wounded.
You feel sick.
The killer bee completely misses you. x2
You closely miss the killer bee.
The killer bee is severely wounded.
The killer bee completely misses you. x2
You hit the killer bee.
You kill the killer bee!
Cheibriados thoroughly appreciates the change of pace.
Your transformation has ended.
Your +0 pair of boots of flying unmelds from your body.
Your +0 robe unmelds from your body.
You fly up into the air.
Casting: Sticks to Snakes (safe; 1% risk of failure)
Confirm with . or Enter, or press ? or * to list all spells.
You miscast Spider Form.
You are very lightly contaminated with residual magic.
Your skin glows momentarily.
You feel sick. The iguana closely misses you.
The gnoll hits you from afar with a spear.
* * * LOW HITPOINT WARNING * * *
Casting: Spider Form (safe; 4% risk of failure)
Confirm with . or Enter, or press ? or * to list all spells.
You turn into a venomous arachnid creature.
Your +0 pair of boots of flying melds into your body.
Your +0 robe melds into your body.
You float gracefully downwards.
The iguana bites you but does no damage.
The gnoll completely misses you.
You hit the iguana.
The iguana is poisoned.
The iguana is moderately wounded.
The iguana completely misses you.
The gnoll hits you from afar with a spear!
* * * LOW HITPOINT WARNING * * *
Okay, then.
You bite the iguana!
The iguana looks as sick as possible!
The iguana is severely wounded.
You feel sick. The iguana misses you.
You closely miss the iguana.
The iguana is severely wounded.
You kill the iguana!
Cheibriados thoroughly appreciates the change of pace.
The gnoll hits you from afar with a spear.
* * * LOW HITPOINT WARNING * * *
Okay, then.
Press: ? - help, v - describe, . - travel, g - get item
Here: a gnoll, wielding a spear A spear.
There is something else lying underneath.
The floor, spattered with blood.
Unknown command.
Blink to where?
Press: ? - help, Dir - move target cursor
As you read the scroll of blinking, it crumbles to dust.
You slide downwards.
The hatch slams shut behind you.
An iguana comes into view.
* * * LOW HITPOINT WARNING * * *
You feel sick.
Found a mace, a scroll of blinking and 4 gold pieces.
As you open the door, it creaks loudly!
The iguana hisses angrily.
You hear a shout!
* * * LOW HITPOINT WARNING * * *
You feel sick.
There is an open door here.
A centaur comes into view.
You close the door.
The centaur wields a glowing shortbow.
It bursts into flame!
The centaur shoots an arrow.
The arrow completely misses you.
You hear a shout!
Okay, then.
Blink to where?
Press: ? - help, Dir - move target cursor
As you read the scroll of blinking, it crumbles to dust.
Erica the Fiery-Tempered comes into view.
She is wielding a scimitar of flaming.
Erica shouts!
The centaur unwields an uncursed shortbow of flaming.
It stops flaming.
The centaur barely misses you.
Found 19 gold pieces.
Found an escape hatch in the floor.
Okay, then.
Okay, then.
Unknown command.
Blink to where?
Press: ? - help, Dir - move target cursor
As you read the scroll of blinking, it crumbles to dust.
* * * LOW HITPOINT WARNING * * *
You feel sick.
Unknown command.
As you read the scroll labeled TAAFRO PUUCSO, it crumbles to dust.
Your ears itch!
It was a scroll of random uselessness.
The centaur wields an uncursed shortbow of flaming.
It bursts into flame!
The centaur shoots an arrow.
The arrow hits you!
You die...

..# ∆ # ..# .# ..#
##.## ..# ....# ##
..# ....# .+
..########....# .#
.l+§..........###.#
..########..@>##..#
..# #..c..$s# ..#
#....#### ..#
#....# ..# #....#
### ....# #####


You could see Erica and a centaur.

Vanquished Creatures
  A two-headed ogre (D:8)
  Grinder (D:4)
  Blork the orc (D:4)
  2 bullfrogs
  A gnoll sergeant (D:8)
  3 scorpions (D:5)
  5 killer bees (D:8)
  A hound (D:5)
  A jelly (D:7)
  A bullfrog skeleton (D:4)
  2 iguanas
  2 worker ants
  A worker ant zombie (D:5)
  5 adders
  6 gnolls
  A shadow imp (D:8)
  An ooze (D:3)
  A dart slug (D:3)
  A worm (D:3)
  A leopard gecko (D:5)
  2 orcs (D:8)
  2 giant cockroaches (D:1)
  4 hobgoblins
  6 jackals
  A quokka (D:6)
  4 bats
  A kobold (D:3)
  4 rats
62 creatures vanquished.

Vanquished Creatures (collateral kills)
  2 bullfrogs
  A gnoll (D:8)
3 creatures vanquished.

Grand Total: 65 creatures vanquished

Notes
Turn   | Place    | Note
-------+----------+-------------------------------------------
     0 | D:1      | tidbits the Gnoll Transmuter began the quest for the Orb.
     0 | D:1      | Reached XP level 1. HP: 17/17 MP: 6/6
    89 | D:1      | Reached XP level 2. HP: 20/23 MP: 7/7
    94 | D:1      | Learned a level 2 spell: Sticks to Snakes
   122 | D:3      | Reached XP level 3. HP: 25/28 MP: 9/9
   129 | D:3      | Learned a level 3 spell: Spider Form
   183 | D:3      | Reached skill level 5 in Spellcasting
   236 | D:3      | Reached skill level 1 in Invocations
   241 | D:3      | Reached skill level 1 in Short Blades
   241 | D:3      | Reached skill level 1 in Long Blades
   241 | D:3      | Reached skill level 1 in Axes
   241 | D:3      | Reached skill level 1 in Maces & Flails
   241 | D:3      | Reached skill level 1 in Polearms
   241 | D:3      | Reached skill level 1 in Staves
   241 | D:3      | Reached skill level 1 in Slings
   241 | D:3      | Reached skill level 1 in Bows
   241 | D:3      | Reached skill level 1 in Crossbows
   241 | D:3      | Reached skill level 1 in Throwing
   241 | D:3      | Reached skill level 1 in Armour
   241 | D:3      | Reached skill level 1 in Stealth
   241 | D:3      | Reached skill level 1 in Shields
   241 | D:3      | Reached skill level 1 in Evocations
   241 | D:3      | Reached XP level 4. HP: 28/34 MP: 6/11
   298 | D:5      | Entered Level 5 of the Dungeon
   320 | D:5      | Noticed a centaur
   355 | D:4      | Noticed Blork the orc
   378 | D:4      | Killed Blork the orc
   378 | D:4      | Reached skill level 1 in Conjurations
   378 | D:4      | Reached skill level 1 in Hexes
   378 | D:4      | Reached skill level 1 in Charms
   378 | D:4      | Reached skill level 1 in Summonings
   378 | D:4      | Reached skill level 1 in Necromancy
   378 | D:4      | Reached skill level 1 in Translocations
   378 | D:4      | Reached skill level 1 in Fire Magic
   378 | D:4      | Reached skill level 1 in Ice Magic
   378 | D:4      | Reached skill level 1 in Air Magic
   378 | D:4      | Reached skill level 1 in Earth Magic
   378 | D:4      | Reached skill level 1 in Poison Magic
   378 | D:4      | Reached XP level 5. HP: 40/40 MP: 7/12
   423 | D:4      | Found a blossoming altar of Fedhas.
   456 | D:5      | Reached skill level 3 in Fighting
   456 | D:5      | Reached skill level 4 in Transmutations
   499 | D:4      | Reached skill level 2 in Invocations
   499 | D:4      | Reached XP level 6. HP: 44/47 MP: 9/13
   523 | D:4      | Noticed Grinder
   545 | D:4      | Paralysed by Grinder for 6 turns
   578 | D:4      | Killed Grinder
   578 | D:4      | Reached skill level 2 in Short Blades
   578 | D:4      | Reached skill level 2 in Long Blades
   578 | D:4      | Reached skill level 2 in Axes
   578 | D:4      | Reached skill level 2 in Maces & Flails
   578 | D:4      | Reached skill level 2 in Polearms
   578 | D:4      | Reached skill level 2 in Staves
   578 | D:4      | Reached skill level 2 in Slings
   578 | D:4      | Reached skill level 2 in Bows
   578 | D:4      | Reached skill level 2 in Crossbows
   578 | D:4      | Reached skill level 2 in Throwing
   578 | D:4      | Reached skill level 2 in Armour
   578 | D:4      | Reached skill level 5 in Dodging
   578 | D:4      | Reached skill level 2 in Stealth
   578 | D:4      | Reached skill level 2 in Shields
   578 | D:4      | Reached skill level 2 in Evocations
   578 | D:4      | Reached XP level 7. HP: 52/52 MP: 6/15
   717 | D:4      | Found a staircase to the Ecumenical Temple.
   732 | Temple   | Entered the Ecumenical Temple
   745 | Temple   | Became a worshipper of Cheibriados the Contemplative
   871 | D:5      | Reached skill level 7 in Unarmed Combat
   884 | D:5      | Reached skill level 2 in Conjurations
   884 | D:5      | Reached skill level 2 in Hexes
   884 | D:5      | Reached skill level 2 in Charms
   884 | D:5      | Reached skill level 2 in Summonings
   884 | D:5      | Reached skill level 2 in Necromancy
   884 | D:5      | Reached skill level 2 in Translocations
   884 | D:5      | Reached skill level 2 in Fire Magic
   884 | D:5      | Reached skill level 2 in Ice Magic
   884 | D:5      | Reached skill level 2 in Air Magic
   884 | D:5      | Reached skill level 2 in Earth Magic
   884 | D:5      | Reached skill level 2 in Poison Magic
  1036 | D:5      | Noticed torrenera's ghost (amateur HOFi)
  1073 | D:7      | Reached skill level 3 in Invocations
  1119 | D:7      | Reached XP level 8. HP: 60/60 MP: 12/16
  1154 | D:7      | Reached * piety under Cheibriados
  1192 | D:8      | Noticed a two-headed ogre
  1214 | D:8      | Killed a two-headed ogre
  1214 | D:8      | Reached skill level 4 in Fighting
  1214 | D:8      | Reached skill level 3 in Short Blades
  1214 | D:8      | Reached skill level 3 in Long Blades
  1214 | D:8      | Reached skill level 3 in Axes
  1214 | D:8      | Reached skill level 3 in Maces & Flails
  1214 | D:8      | Reached skill level 3 in Polearms
  1214 | D:8      | Reached skill level 3 in Staves
  1214 | D:8      | Reached skill level 3 in Slings
  1214 | D:8      | Reached skill level 3 in Bows
  1214 | D:8      | Reached skill level 3 in Crossbows
  1214 | D:8      | Reached skill level 3 in Throwing
  1214 | D:8      | Reached skill level 3 in Armour
  1214 | D:8      | Reached skill level 3 in Stealth
  1214 | D:8      | Reached skill level 3 in Shields
  1214 | D:8      | Reached skill level 6 in Spellcasting
  1214 | D:8      | Reached skill level 3 in Conjurations
  1214 | D:8      | Reached skill level 3 in Hexes
  1214 | D:8      | Reached skill level 3 in Charms
  1214 | D:8      | Reached skill level 3 in Summonings
  1214 | D:8      | Reached skill level 3 in Necromancy
  1214 | D:8      | Reached skill level 3 in Translocations
  1214 | D:8      | Reached skill level 3 in Fire Magic
  1214 | D:8      | Reached skill level 3 in Ice Magic
  1214 | D:8      | Reached skill level 3 in Air Magic
  1214 | D:8      | Reached skill level 3 in Earth Magic
  1214 | D:8      | Reached skill level 3 in Poison Magic
  1214 | D:8      | Reached skill level 4 in Invocations
  1214 | D:8      | Reached skill level 3 in Evocations
  1225 | D:8      | Reached XP level 9. HP: 36/66 MP: 12/18
  1230 | D:8      | Reached skill level 6 in Dodging
  1235 | D:8      | Reached skill level 5 in Transmutations
  1246 | D:8      | HP: 4/66 [killer bee (9)]
  1261 | D:8      | HP: 3/66 [gnoll/spear (7)]
  1266 | D:9      | HP: 1/66 [poisoned by a killer bee]
  1272 | D:9      | Noticed Erica
  1273 | D:9      | HP: 1/66 [poisoned by a killer bee]
  1274 | D:9      | Shot with an arrow by a centaur

Vault maps used:
D:1:      wheals_arrival_shading, grunt_decor_arrowhead, minmay_misc_feat_room,
          serial_bayou_pond_a
D:2:      cheibrodos_greedy_goblins, marbit_many_paths,
          minmay_randomly_rotated_circles
D:3:      first_ration
D:4:      lemuel_round_altar, minmay_temple_entry_glassed_door,
          minmay_misc_feat_rows, minmay_misc_feat_diagonals, uniq_grinder,
          uniq_blork_the_orc
D:6:      gammafunk_temple_overflow_claw
D:7:      grunt_ogre_cave, david_defended_altar_elf, uniq_duvessa
D:8:      okawaru_altar_gauntlet_db
D:9:      grunt_ministairs_5, uniq_erica
Temple:   regret_index_temple_sphere_string

Skill      XL: |  1  2  3  4  5  6  7  8  9 |
---------------+----------------------------+-----
Spellcasting   | 5 6 |  6.4
Invocations    | 1 2 3 4 |  4.3
Short Blades   | 1 2 3 |  3.9
Long Blades    | 1 2 3 |  3.9
Axes           | 1 2 3 |  3.9
Maces & Flails | 1 2 3 |  3.9
Polearms       | 1 2 3 |  3.9
Staves         | 1 2 3 |  3.9
Slings         | 1 2 3 |  3.9
Bows           | 1 2 3 |  3.9
Crossbows      | 1 2 3 |  3.9
Throwing       | 1 2 3 |  3.9
Armour         | 1 2 3 |  3.9
Stealth        | 1 2 3 |  3.9
Shields        | 1 2 3 |  3.9
Evocations     | 1 2 3 |  3.9
Conjurations   | 1 2 3 |  3.2
Hexes          | 1 2 3 |  3.2
Charms         | 1 2 3 |  3.2
Summonings     | 1 2 3 |  3.2
Necromancy     | 1 2 3 |  3.2
Translocations | 1 2 3 |  3.2
Fire Magic     | 1 2 3 |  3.2
Ice Magic      | 1 2 3 |  3.2
Air Magic      | 1 2 3 |  3.2
Earth Magic    | 1 2 3 |  3.2
Poison Magic   | 1 2 3 |  3.2
Fighting       | 3 4 |  4.7
Transmutations | 4 5 |  5.0
Dodging        | 5 6 |  6.1
Unarmed Combat | 7 |  7.7

Action                   |  1- 3 |  4- 6 |  7- 9 || total
-------------------------+-------+-------+-------++-------
Melee: Unarmed           |    30 |    54 |    94 ||   178
       Headbutt          |     2 |     1 |       ||     3
       Bite              |     1 |     1 |       ||     2
Throw: Tomahawk          |    13 |     6 |     5 ||    24
       Stone             |       |     6 |       ||     6
 Cast: Beastly Appendage |     4 |     1 |       ||     5
       Spider Form       |     2 |     5 |    13 ||    20
       Sticks to Snakes  |     1 |     5 |     6 ||    12
Invok: Bend Time         |       |       |     1 ||     1
  Use: Scroll            |       |     4 |    10 ||    14
       Potion            |       |     2 |     3 ||     5
 Stab: Sleeping          |     2 |     1 |       ||     3
  Eat: Ration            |       |       |     1 ||     1
Armor: Robe              |     3 |       |     1 ||     4
       Skin              |       |    36 |     5 ||    41
Dodge: Dodged            |    24 |    23 |   115 ||   162

Table legend:
 A = Spawn XP
 B = Non-spawn XP
 C = Spawn XP percentage of total XP
 D = Spawn monster count
 E = Non-spawn monster count
 F = Spawn count percentage of total count
 G = Total turns spent on level
                    A         B        C        D         E        F      G
               +---------+---------+-------+---------+---------+-------+---------
         Total |       0 |    2762 |   0.0 |       0 |      65 |   0.0 |  1274
               +---------+---------+-------+---------+---------+-------+---------
           D:1 |       0 |      12 |   0.0 |       0 |       8 |   0.0 |   103
           D:2 |       0 |       2 |   0.0 |       0 |       1 |   0.0 |    24
           D:3 |       0 |      83 |   0.0 |       0 |      12 |   0.0 |   169
           D:4 |       0 |     522 |   0.0 |       0 |      10 |   0.0 |   423
           D:5 |       0 |     419 |   0.0 |       0 |      11 |   0.0 |   254
           D:6 |       0 |       2 |   0.0 |       0 |       1 |   0.0 |    66
           D:7 |       0 |     191 |   0.0 |       0 |       5 |   0.0 |    89
           D:8 |       0 |    1531 |   0.0 |       0 |      17 |   0.0 |   111
               +---------+---------+-------+---------+---------+-------+---------

Table legend:
 A = Turns spent in this place as a percentage of turns spent in the entire game.
 B = Non-inter-level travel turns spent in this place as a percentage of non-inter-level travel turns spent in the entire game.
 C = Inter-level travel turns spent in this place as a percentage of turns spent in this place.
 D = Turns resting spent in this place as a percentage of non-inter-level travel turns spent in this place.
 E = Turns spent auto-exploring this place as a percentage of non-inter-level travel turns spent in this place.
 F = Non-inter-level travel turns spent in this place divided by the number of levels of this place that you've seen.
                   A       B       C       D       E      F
               +-------+-------+-------+-------+-------+----------------------
         Total | 100.0 | 100.0 |   1.0 |   0.0 |   0.0 | 126.1
       Dungeon |  97.9 |  98.7 |   0.2 |   0.0 |   0.0 | 138.3
        Temple |   2.1 |   1.3 |  40.7 |   0.0 |   0.0 |  16.0
               +-------+-------+-------+-------+-------+----------------------

Table legend:
 A = Kills in this place as a percentage of kills in entire the game.
 B = Kills by you in this place as a percentage of kills by you in the entire game.
 C = Kills by friends in this place as a percentage of kills by friends in the entire game.
 D = Other kills in this place as a percentage of other kills in the entire game.
 E = Experience gained in this place as a percentage of experience gained in the entire game.
 F = Experience gained in this place divided by the number of levels of this place that you have seen.
                   A       B       C       D       E      F
               +-------+-------+-------+-------+-------+----------------------
         Total | 100.0 | 100.0 | 100.0 |   N/A | 100.0 | 276.2
       Dungeon | 100.0 | 100.0 | 100.0 |   N/A | 100.0 | 306.9
               +-------+-------+-------+-------+-------+----------------------

Vault maps used:
D:1:      wheals_arrival_shading, grunt_decor_arrowhead, minmay_misc_feat_room,
          serial_bayou_pond_a
D:2:      cheibrodos_greedy_goblins, marbit_many_paths,
          minmay_randomly_rotated_circles
D:3:      first_ration
D:4:      lemuel_round_altar, minmay_temple_entry_glassed_door,
          minmay_misc_feat_rows, minmay_misc_feat_diagonals, uniq_grinder,
          uniq_blork_the_orc
D:6:      gammafunk_temple_overflow_claw
D:7:      grunt_ogre_cave, david_defended_altar_elf, uniq_duvessa
D:8:      okawaru_altar_gauntlet_db
D:9:      grunt_ministairs_5, uniq_erica
Temple:   regret_index_temple_sphere_string
